 Dungeon Crawl Stone Soup version 0.17-a0-2073-gde5cdba (webtiles) character file.

275 evilmojo the Ruffian (level 6, -4/61 HPs)
             Began as a Troll Monk on Oct 15, 2015.
             Was a Believer of Trog.
             Slain by plantmann's ghost (8 damage)
             ... on level 4 of the Dungeon.
             The game lasted 00:11:18 (1268 turns).

evilmojo the Ruffian (Troll Monk)                   Turns: 1268, Time: 00:11:18

Health: -4/61      AC:  6    Str: 23    XL:     6   Next: 3%
Magic:  0/0        EV: 11    Int:  6    God:    Trog [**....]
Gold:   118        SH:  0    Dex: 13    Spells: 0 memorised, 5 levels left

rFire  + . .     SeeInvis .     g - +2 whip (venom)
rCold  + . .     Clarity  .     s - +1 robe of Qapnyis {rPois MP-9 Str+2 Stlth+}
rNeg   . . .     SustAt   .     (no shield)
rPois  +         Gourm    +     (helmet restricted)
rElec  +         Spirit   .     (no cloak)
rCorr  +         Warding  .     (gloves unavailable)
rMut   .         Stasis   .     (boots unavailable)
MR     .....                    (no amulet)
Stlth  +++.......               (no ring)
                                (no ring)

@: resistant, not resistant to hostile enchantments, fairly stealthy
A: unfitting armour, claws 3, fast metabolism 3, gourmand, regeneration 2,
shaggy fur 1, tough skin 2
a: Burn Spellbooks, Berserk, Trog's Hand, Renounce Religion


You were on level 4 of the Dungeon.
You worshipped Trog.
Trog was pleased with you.
You were not hungry.

You visited 2 branches of the dungeon, and saw 5 of its levels.

You collected 118 gold pieces.

Inventory:

Hand Weapons
 e - a +0 dagger
 g - a +2 whip of venom (weapon)
 k - a +0 flail
 p - a +0 mace
Missiles
 a - 19 poisoned needles
 h - 5 needles of sleeping
 i - 28 stones (quivered)
 n - 9 tomahawks
Armour
 b - a +0 ring mail
 s - the +1 robe of Qapnyis (worn) {rPois MP-9 Str+2 Stlth+}
   (You found it on level 4 of the Dungeon)

   It affects your strength (+2).
   It protects you from poison.
   It affects your magic capacity (-9).
   It makes you more stealthy.
 w - a +0 pair of gloves
Wands
 d - a wand of teleportation (3)
Scrolls
 f - a scroll of identify
 j - a scroll of magic mapping {unknown}
 q - a scroll of teleportation {unknown}
 r - a scroll of fear {unknown}
 t - a scroll of recharging {unknown}
Potions
 m - a potion of resistance
Comestibles
 c - 2 fruits
 l - a slice of pizza
 u - a meat ration
 v - a bread ration


   Skills:
 - Level 3.5 Fighting
 + Level 1.2 Maces & Flails
 + Level 4.0 Dodging
 + Level 1.2 Stealth
 + Level 4.9 Unarmed Combat


You had 5 spell levels left.
You didn't know any spells.

Dungeon Overview and Level Annotations

Branches:
Dungeon (4/15)             Temple (1/1) D:4

Altars:
Ashenzari
Cheibriados
Dithmenos
Fedhas
Gozag
Kikubaaqudgha
Makhleb
Qazlal
Ru
Trog
Vehumet
Yredelemnul
The Shining One

Annotations:
D:4 plantmann's ghost, amateur VSFi


Innate Abilities, Weirdness & Mutations

You are too large for most types of armour.
You have claws for hands.
Your metabolism is lightning-fast.
You like to eat raw meat.
You heal very quickly.
You are covered in fur (AC +1).
You have very tough skin (AC +2).


Message History

Plantmann's ghost is lightly damaged.
Plantmann's ghost hits you!
* * * LOW HITPOINT WARNING * * *
Read which item? (? for menu, Esc to quit)
Okay, then.
You closely miss plantmann's ghost.
Plantmann's ghost is lightly damaged.
Plantmann's ghost hits you but does no damage.
You hit plantmann's ghost.
Plantmann's ghost is moderately damaged.
Plantmann's ghost hits you!
* * * LOW HITPOINT WARNING * * *
You barely miss plantmann's ghost.
Plantmann's ghost is moderately damaged.
Plantmann's ghost hits you.
* * * LOW HITPOINT WARNING * * *
You hit plantmann's ghost but do no damage.
Plantmann's ghost is moderately damaged.
Plantmann's ghost hits you!
You die...

##################
#.................
#@################
#W#
######O#########
####
#......#.......#
#...
#..............#
#.##
#..#####.......# #
#..# #........ .
#..# #.......#
#..#####.......#


You could see an ogre and plantmann's ghost.

Vanquished Creatures
  Eustachio (D:4)
  A hound (D:4)
  2 worker ants (D:4)
  An adder (D:4)
  An ooze (D:3)
  A worm (D:2)
  3 giant geckos
  5 orcs (D:4)
  2 ball pythons (D:4)
  A bat (D:3)
  2 goblins (D:3)
  3 hobgoblins (D:1)
  6 jackals (D:4)
  2 kobolds
  A jackal skeleton (D:4)
  3 rats
35 creatures vanquished.

Notes
Turn   | Place    | Note
--------------------------------------------------------------
     0 | D:1      | evilmojo the Troll Monk began the quest for the Orb.
     0 | D:1      | Reached XP level 1. HP: 22/22 MP: 0/0
   194 | D:2      | Reached XP level 2. HP: 25/29 MP: 1/1
   460 | D:4      | Reached XP level 3. HP: 31/36 MP: 2/2
   539 | D:4      | Noticed Eustachio
   552 | D:4      | Killed Eustachio
   552 | D:4      | Reached XP level 4. HP: 20/45 MP: 3/3
   552 | D:4      | Reached XP level 5. HP: 23/53 MP: 4/4
   558 | D:4      | Reached skill level 1 in Maces & Flails
   597 | D:4      | Found a staircase to the Ecumenical Temple.
   624 | Temple   | Entered the Ecumenical Temple
   851 | Temple   | Became a worshipper of Trog the Wrathful
   851 | Temple   | Reached * piety under Trog
   851 | Temple   | Reached ** piety under Trog
  1036 | D:4      | Got a faintly humming robe
  1153 | D:4      | Identified the +1 robe of Qapnyis {rPois MP-9 Str+2 Stlth+} (You found it on level 4 of the Dungeon)
  1190 | D:4      | Found a stormy altar of Qazlal.
  1221 | D:4      | Reached XP level 6. HP: 59/61 MP: 0/5
  1248 | D:4      | Noticed an ogre
  1250 | D:4      | Noticed plantmann's ghost (amateur VSFi)
  1267 | D:4      | HP: 3/61 [plantmann's ghost (3)]
  1268 | D:4      | Slain by plantmann's ghost

Vault maps used:
D:1:      dpeg_arrival_orchard, kennysheep_crisscross
D:2:      lemuel_coloured_pillars_altar
D:4:      nicolae_overflow_crystal_walls, minmay_temple_entry_grid, first_bread,
          uniq_eustachio
Temple:   circular_temple_pool_12

Action                   |  1- 3 |  4- 6 || total
-------------------------+-------+-------++-------
Melee: Unarmed           |    34 |       ||    34
       Whip              |    18 |    68 ||    86
  Use: Scroll            |     1 |       ||     1
       Potion            |       |     2 ||     2
  Eat: Bread ration      |     1 |     1 ||     2
